Map: Prion Terraces

Players

Pokebunny

  • Race: Terran Terran
  • League: Grandmaster

Scarlett - Winner!

  • Race: Zerg Zerg
  • League: Grandmaster

VOD

Have the link to the VOD?

Description

Time

  • Played on: April 7, 2016, 8:44 p.m.
  • Length: 12:58
Show
View Real Time Build Order
Export as new Build Order

Pokebunny Terran 

Build Orders: Reaper Expand, Bio Tank 

Get SALT Encoding   

  12  0:01  SCV  
  13  0:13  SCV  
  14  0:17  Supply Depot  
  14  0:25  SCV  
  15  0:38  SCV  
  15  0:39  Barracks  
  16  0:44  Refinery  
  16  0:51  SCV  
  17  1:03  SCV  
  18  1:15  SCV  
  19  1:27  Reaper  
  19  1:28  Orbital Command  
  20  1:39  Command Center  
  20  1:48  Supply Depot  
  20  1:54  SCV  
  21  1:59  Barracks Reactor  
  21  2:05  Barracks  
  21  2:06  SCV  
  22  2:15  Barracks  
  22  2:19  SCV  
  23  2:24  Refinery  
  23  2:33  SCV  
  23  2:36  Marine x2  
  25  2:53  Factory  
  25  2:57  Marine x2  
  27  3:03  Marine, Barracks Tech Lab  
  26  3:06  Command Center  
  26  3:07  SCV  
  27  3:16  Marine x2  
  27  3:18  Bunker  
  29  3:23  Marine x2  
  31  3:31  Supply Depot  
  31  3:51  Starport  
  31  3:53  Marine x3  
  34  3:56  Stimpack  
  34  3:57  Factory Reactor  
  34  4:03  Marine  
  34  4:07  SCV  
  36  4:15  Marine x3  
  39  4:19  Orbital Command  
  40  4:32  Supply Depot  
  40  4:37  Marine x3  
  42  4:39  Medivac  
  42  4:42  Medivac  
  45  4:47  Marine  
  46  4:55  Marine x2  
  46  4:56  SCV x2  
  46  4:57  Marine  
  51  5:01  Factory Tech Lab  
  51  5:07  Marine  
  51  5:08  Orbital Command, SCV  
  51  5:13  Marine  
  54  5:19  Marine x2  
  56  5:25  Marine  
  57  5:33  Engineering Bay, Supply Depot  
  57  5:34  SCV  
  57  5:35  Supply Depot  
  58  5:39  Marine x3  
  56  5:50  Siege Tank, Marine  
  56  5:57  Marine x3  
  60  6:01  Medivac  
  62  6:12  Marine  
  62  6:14  Marine  
  49  6:37  Marine  
  45  6:41  SCV x2  
  45  6:42  Marine x3  
  45  6:43  Siege Tank, Combat Shields  
  45  6:44  Medivac x2  
  57  6:51  Engineering Bay  
  57  6:53  SCV x2  
  59  6:58  Supply Depot  
  59  7:00  Supply Depot  
  59  7:04  Marine x2  
  59  7:06  Barracks Reactor, Marine  
  62  7:09  Supply Depot  
  62  7:19  Siege Tank  
  62  7:22  Marine x2  
  67  7:27  Marine  
  67  7:34  Barracks  
  67  7:35  Barracks  
  67  7:39  Terran Infantry Weapons Level 1  
  67  7:40  Marine x2  
  67  7:43  Marine x2  
  71  7:45  Marine  
  71  7:47  Supply Depot  
  72  7:51  Siege Tank, Command Center  
  72  7:53  Medivac  
  77  8:02  Supply Depot  
  77  8:09  Marine x4  
  77  8:10  Marine  
  82  8:16  Supply Depot  
  82  8:24  Siege Tank  
  82  8:26  Marine  
  82  8:27  Marine  
  87  8:36  Marine x4  
  87  8:51  Marine x3  
  87  8:53  Marine  
  78  9:08  Siege Tank, Marine x2  
  81  9:12  Medivac  
  82  9:24  Marine x2  
  82  9:25  Marine x3  
  82  9:31  Marine x2  
  81  9:37  SCV x2  
  79  9:42  Marine x3  
  79  9:45  Marine x2  
  84  9:48  Marine  
  84  9:49  Marine, SCV  
  86  9:58  Siege Tank  
  86  9:59  Medivac x2  
  80  10:00  Marine  
  80  10:03  Marine  
  80  10:04  Marine x2  
  76  10:24  Marine  
  74  10:29  Medivac, SCV  
  74  10:30  SCV  
  74  10:31  Refinery  
  78  10:40  Marine x2  
  78  10:41  Siege Tank, Marine x2  
  75  10:51  Marine x3  
  78  11:01  Marine  
  76  11:23  Marine x5  
  76  11:24  Marine x2  
  76  11:25  Siege Tank  
  76  11:29  Orbital Command  
  76  11:30  Refinery  
  76  11:40  Marine  
  76  11:41  Marine x2  
  76  11:44  Command Center  
  78  11:56  Marine x2  
  78  11:58  Marine x3  
  78  12:01  Siege Tank  
  75  12:12  Marine x2  
  75  12:14  Marine x2  
  47  12:19  Orbital Command  
  44  12:23  Marine x3  
  47  12:30  Marine x2  
  47  12:32  Armory, Marine  
  47  12:35  SCV x2  
  52  12:44  SCV  
Show
View Real Time Build Order
Export as new Build Order

Scarlett Zerg - Winner!

Build Orders: Pool First 

Get SALT Encoding   

  12  0:01  Drone  
  13  0:08  Drone  
  14  0:18  Extractor  
  14  0:19  Drone  
  14  0:31  Spawning Pool  
  14  0:35  Drone  
  14  0:43  Overlord  
  14  0:50  Extractor  
  14  0:51  Drone  
  15  1:03  Drone x2  
  17  1:19  Metabolic Boost  
  17  1:21  Queen  
  17  1:25  Zergling x2  
  20  1:28  Zergling x2  
  21  1:35  Drone  
  22  1:52  Hatchery  
  21  1:57  Overlord  
  21  2:02  Drone  
  22  2:15  Queen  
  22  2:16  Zergling x2  
  22  2:17  Zergling x2  
  26  2:31  Zergling x8  
  29  3:02  Drone  
  30  3:08  Drone x6  
  36  3:16  Overlord  
  36  3:30  Hatchery  
  36  3:31  Overlord  
  35  3:35  Drone x2  
  37  3:42  Drone  
  37  3:43  Drone x3  
  37  3:47  Overlord  
  41  3:50  Drone  
  41  3:54  Queen  
  44  3:59  Drone x2, Extractor  
  45  4:06  Drone x4  
  49  4:14  Roach Warren  
  49  4:16  Drone x2  
  49  4:17  Drone  
  51  4:25  Overlord x2  
  51  4:27  Drone  
  51  4:31  Overlord  
  52  4:34  Overlord  
  52  4:41  Overlord x2  
  52  4:54  Roach x5  
  52  4:55  Roach x2  
  52  4:56  Roach  
  68  5:02  Roach x2  
  68  5:06  Roach x2  
  76  5:09  Baneling Nest  
  76  5:13  Roach x2  
  78  5:14  Zergling x4  
  78  5:21  Zergling x10  
  84  5:25  Zergling x6  
  87  5:29  Zergling x2  
  87  5:30  Zergling x2  
  89  5:36  Zergling x2  
  89  5:37  Zergling x2  
  90  5:49  Zergling x16  
  92  5:53  Zergling x4  
  93  5:58  Baneling x2  
  93  5:59  Baneling x12  
  93  6:00  Zergling x2  
  93  6:01  Zergling x6  
  97  6:04  Baneling x2  
  97  6:06  Baneling  
  91  6:13  Zergling x6  
  67  6:36  Roach x6  
  66  6:41  Drone  
  66  6:42  Drone x6  
  66  6:45  Queen, Evolution Chamber  
  71  6:49  Evolution Chamber  
  71  6:50  Drone  
  71  7:03  Drone x3  
  71  7:05  Lair  
  71  7:08  Extractor x2  
  73  7:11  Queen  
  73  7:13  Drone  
  73  7:14  Drone x2  
  77  7:19  Zergling x18, Hatchery  
  83  7:37  Drone x5  
  83  7:39  Zerg Missile Weapons Level 1, Zerg Ground Armor Level 1  
  87  7:44  Drone x3  
  87  7:46  Drone x3  
  87  7:48  Extractor  
  92  7:54  Overlord  
  92  7:55  Overlord x6  
  92  8:01  Queen  
  92  8:04  Glial Reconstitution  
  92  8:06  Roach x3  
  97  8:12  Infestation Pit  
  97  8:17  Extractor  
  97  8:18  Drone x3  
  97  8:19  Drone  
  99  8:21  Roach x5  
  99  8:26  Roach x3  
  109  8:34  Roach  
  109  8:35  Roach x3  
  117  8:46  Roach x4  
  123  8:54  Pathogen Glands  
  115  8:59  Zergling x8  
  109  9:04  Roach, Extractor  
  109  9:05  Roach x3, Extractor  
  113  9:14  Roach x2  
  117  9:21  Ravager x2  
  115  9:28  Roach x3  
  97  9:44  Infestor  
  99  9:47  Roach x2, Zergling x4  
  99  9:48  Zergling x14  
  112  9:54  Hatchery  
  101  10:02  Infestor  
  101  10:04  Ravager x2  
  101  10:06  Roach  
  105  10:08  Roach x2, Zergling x2  
  105  10:09  Zergling x10, Queen  
  110  10:21  Roach x7  
  114  10:29  Queen  
  114  10:35  Zerg Ground Armor Level 2  
  116  10:37  Drone x3  
  116  10:38  Drone x3  
  120  10:48  Zerg Melee Weapons Level 1  
  106  10:50  Roach x4, Zergling x2  
  106  10:51  Zergling x2  
  106  10:56  Ravager  
  117  10:57  Zergling x8  
  121  11:10  Ravager x2  
  121  11:11  Roach x4, Zergling x2  
  129  11:26  Ravager  
  129  11:27  Ravager x2  
  129  11:30  Drone  
  129  11:31  Drone x3  
  136  11:33  Spine Crawler  
  136  11:34  Infestor  
  136  11:38  Drone  
  136  11:39  Infestor, Drone x5  
  143  11:41  Zergling x8  
  143  11:42  Zergling x2  
  149  11:53  Zergling x16  
  154  12:00  Roach x2  
  139  12:20  Infestor x5  
  147  12:26  Zergling x2  
  147  12:27  Zergling x18  
  157  12:43  Spire, Hatchery  
Tags
 
Add a new tag
Caveats
  • Supply blocks, unpowered buildings, or Contaminate may cause inaccurate times.
  • Supply counts are checked every 10 seconds.